 Dungeon Crawl Stone Soup version 0.30-a0-368-g86fb4627a9 (webtiles) character file.

Game seed: 13398879818661985345

20 Tocho the Chopper (level 2, -6/26 HPs)
             Began as a Minotaur Fighter on Nov 20, 2022.
             Mangled by Sigmund
             ... wielding a +0 scythe
              (7 damage)
             ... on level 2 of the Dungeon.
             The game lasted 00:00:46 (996 turns).

Tocho the Chopper (Minotaur Fighter)                 Turns: 996, Time: 00:00:46

Health: -6/26      AC:  6    Str: 20    XL:     2   Next: 58%
Magic:  1/1        EV:  9    Int:  5    God:
Gold:   84         SH:  0    Dex:  9    Spells: 1/1 levels left

rFire   . . .      SeeInvis .    a - +0 war axe
rCold   . . .      Faith    .    (no shield)
rNeg    . . .      Spirit   .    b - +0 scale mail
rPois   .          Reflect  .    (helmet restricted)
rElec   .          Harm     .    (no cloak)
rCorr   .          Rampage  .    (no gloves)
Will    .....                    (no boots)
Stlth   ..........               (no amulet)
HPRegen 0.24/turn                (no ring)
MPRegen 0.07/turn                (no ring)

@: confused
A: horns 2, retaliatory headbutt
a: no special abilities


You were on level 2 of the Dungeon.
You visited 1 branch of the dungeon, and saw 2 of its levels.

You collected 84 gold pieces.

Inventory:

Hand Weapons
 a - a +0 war axe (weapon)
Armour
 b - a +0 scale mail (worn)
 c - a +0 buckler
Jewellery
 m - a ring of flight
Scrolls
 g - a scroll of vulnerability {unknown}
 h - 2 scrolls of teleportation {unknown}
 j - a scroll of noise {unknown}
 k - a scroll of butterflies {unknown}
 l - a scroll of acquirement {unknown}
 p - a scroll of immolation {unknown}
Potions
 d - a potion of might
 e - a potion of brilliance {unknown}
 f - 2 potions of curing {unknown}
 i - a potion of heal wounds {unknown}
 n - 2 potions of lignification {unknown}
 o - a potion of ambrosia {unknown}


   Skills:
 - Level 3.6 Fighting
 + Level 4.0 Axes
 - Level 3.6 Armour
 - Level 3.6 Shields


You had one spell level left.
You didn't know any spells.
Your spell library was empty.

Dungeon Overview and Level Annotations

Branches:
Dungeon (2/15)

Altars:

Annotations:
D:2 Sigmund


Innate Abilities, Weirdness & Mutations

You have a pair of horns on your head.
You reflexively headbutt those who attack you in melee.


Message History

Done exploring.
There is an open door here.
There is a stone staircase leading down here.
You climb downwards.
There is a stone staircase leading up here.
Found a robe.
No target in view!
Found a stone staircase leading up.
You see here a +0 robe.
No target in view!
No target in view!
There is a stone staircase leading up here.
You now have 84 gold pieces (gained 11).
There is a stone staircase leading up here.
p - a scroll labelled HAATSO VEDAE No target in view!
Sigmund the Dreaded comes into view.
He is wielding a +0 scythe.
Found a scale mail.
Sigmund shouts!
You hear a shout!
Sigmund gestures at you while chanting. The puff of flame hits you!
A bat comes into view.
There are monsters nearby!
Sigmund casts a spell at you.
You are confused.
You are too confused!
You are too confused!
You bump into the rock wall.
The bat hits you but does no damage.
Sigmund hits you from afar with a +0 scythe!
* * * LOW HITPOINT WARNING * * *
You barely miss the bat. Your headbutt misses the bat.
The bat hits you but does no damage. The bat hits you.
* * * LOW HITPOINT WARNING * * *
Sigmund hits you with a +0 scythe.
* * * LOW HITPOINT WARNING * * *
You bump into the rock wall.
Sigmund laughs darkly.
Sigmund hits you with a +0 scythe!
You die...

#### ..# #. #.#
.#
#...###.#######
.# #[.@@.b.....#
.#
#...#######.###.
#.#. #.##.. ..
#. #.##.# #.. #.
#.##.# #. ..
#.##.# # ##
#.##.# #.##.#
#######.##.#


You could see Sigmund and a bat.

Vanquished Creatures
  4 endoplasms (D:1)
  2 hobgoblins (D:1)
  2 jackals (D:1)
  A quokka (D:1)
  A ball python (D:1)
  3 bats (D:1)
  A frilled lizard (D:1)
  2 goblins (D:1)
  A kobold (D:1)
17 creatures vanquished.

Notes
Turn   | Place    | Note
-------+----------+-------------------------------------------
     0 | D:1      | Tocho the Minotaur Fighter began the quest for the Orb.
     0 | D:1      | Reached XP level 1. HP: 19/19 MP: 0/0
   224 | D:1      | Reached skill level 3 in Axes
   303 | D:1      | Reached XP level 2. HP: 26/26 MP: 1/1
   618 | D:1      | Reached skill level 4 in Axes
   989 | D:2      | Noticed Sigmund
   995 | D:2      | HP: 1/26 [Sigmund/+0 scythe (6)]
   996 | D:2      | Mangled by Sigmund

Illustrated notes

Levels and vault maps discovered:
D:1:      lightli_arrival_statuegarden, layout_basic
D:2:      layout_loops_ring, hangedman_abyss_or_decor_stabs,
          minmay_pentomino_z2, uniq_sigmund

Skill      XL: |  1  2 |
---------------+-------+-----
Axes           | 3 4 |  4.0
Fighting       | |  3.6
Armour         | |  3.6
Shields        | |  3.6

Action                   || total
-------------------------++-------
Melee: War axe           ||    26
       Headbutt          ||     5
Armor: Scale mail        ||    11
Dodge: Dodged            ||    19

Table legend: (Time is in decaauts)
 A = Elapsed time spent in this place.
 B = Non-inter-level travel time spent in this place.
 C = Inter-level travel time spent in this place.
 D = Time resting spent in this place.
 E = Time spent auto-exploring this place.
 F = Levels seen in this place.
 G = Mean time per level.
                   A        B        C        D        E       F      G
               +--------+--------+--------+--------+--------+-----+--------+
         Total |   1004 |    892 |    112 |      0 |    791 |   2 |  502.0 |
       Dungeon |   1004 |    892 |    112 |      0 |    791 |   2 |  502.0 |
               +--------+--------+--------+--------+--------+-----+--------+

Top non-repeatable levels by time:
     D:1: 926 daAuts
     D:2: 78 daAuts
